 Dungeon Crawl Stone Soup version 0.21-a0-531-gacddea6 (webtiles) character file.

4561 tilp the Basher (level 10, -1/83 HPs)
             Began as a Centaur Gladiator on Dec 11, 2017.
             Was a Priest of Okawaru.
             Slain by an orc warrior
             ... wielding a +0 trident
              (6 damage)
             ... in a bailey on Dec 13, 2017.
             The game lasted 00:28:32 (10680 turns).

tilp the Basher (Centaur Gladiator)                Turns: 10680, Time: 00:28:32

Health: -1/83      AC: 13    Str: 21    XL:     10   Next: 18%
Magic:  14/14      EV:  8    Int:  7    God:    Okawaru [***...]
Gold:   510        SH:  0    Dex: 10    Spells: 9/9 levels left

rFire    + . .     SeeInvis .   a - +3 flail
rCold    . . .     Gourm    .   (no shield)
rNeg     . . .     Faith    .   z - +0 chain mail (curse)
rPois    .         Spirit   .   c - +1 helmet
rElec    .         Reflect  .   (no cloak)
rCorr    +         Harm     .   k - +1 pair of gloves
MR       .....                  (no barding)
Stlth    ..........             E - amulet of regeneration
HPRegen  0.63/turn              h - ring of protection from fire
MPRegen  0.14/turn              q - ring of resist corrosion

@: heroism, very quick
A: large, hooves 3, deformed body, speed 2, tough skin 3
a: Heroism, Renounce Religion


You were in a bailey.
You worshipped Okawaru.
Okawaru was most pleased with you.
You were not hungry.

You visited 2 branches of the dungeon, and saw 10 of its levels.
You also visited: Bailey.

You collected 510 gold pieces.

Inventory:

Hand Weapons
 a - a +3 flail (weapon)
 b - a +0 shortbow
 H - a +2 spear of flaming
Missiles
 d - 2 throwing nets (quivered)
 B - 109 arrows
 D - 79 bolts
 O - 2 tomahawks
Armour
 c - a +1 helmet (worn)
 k - a +1 pair of gloves (worn)
 u - a +0 plate armour
 z - a cursed +0 chain mail (worn)
Jewellery
 h - a ring of protection from fire (left hand)
 n - an uncursed ring of fire
 q - a ring of resist corrosion (right hand)
 E - an amulet of regeneration (around neck)
 Q - a +3 ring of dexterity {unknown}
Wands
 y - a wand of random effects (51)
 R - a wand of digging (19)
Scrolls
 m - 4 scrolls of enchant weapon
 o - 6 scrolls of teleportation
 r - 2 scrolls of remove curse
 L - 4 scrolls of blinking {unknown}
 P - 2 scrolls of identify
Potions
 e - 4 potions of curing
 j - 2 potions of degeneration {unknown}
 l - 4 potions of brilliance
 t - 3 potions of flight {unknown}
 v - 2 potions of heal wounds {unknown}
 x - 3 potions of agility {unknown}
 A - a potion of invisibility {unknown}
 M - a potion of might {unknown}
 N - a potion of cancellation {unknown}
Books
 F - a book of Necromancy

   Spells                             Type                      Level
   a - Pain                           Necromancy                   1
   b - Animate Skeleton               Necromancy                   1
   c - Vampiric Draining              Necromancy                   3
   d - Regeneration                   Charms/Necromancy            3
   e - Animate Dead                   Necromancy                   4
   f - Control Undead                 Necromancy                   4
 I - a book of Conjurations

   Spells                             Type                      Level
   a - Magic Dart                     Conjuration                  1
   b - Searing Ray                    Conjuration                  2
   c - Dazzling Spray                 Conjuration/Hexes            3
   d - Fulminant Prism                Conjuration/Hexes            4
   e - Force Lance                    Conjuration/Translocation    4
   f - Iskenderun's Mystic Blast      Conjuration                  4
Comestibles
 f - 4 bread rations
 g - 5 meat rations
 p - 3 royal jellies
 J - 4 fruits
 K - 29 chunks of flesh


   Skills:
 - Level 6.0(11.0) Fighting
 * Level 11.6(16.6) Maces & Flails
 - Level 2.1(7.1) Throwing
 - Level 2.1(7.1) Dodging
 + Level 6.1 Invocations


You had 9 spell levels left.
You didn't know any spells.

Dungeon Overview and Level Annotations

Branches:
Dungeon (9/15)             Temple (1/1) D:4            Lair (0/6) D:8
    Orc: D:9-12

Altars:
Ashenzari
Cheibriados
Dithmenos
Elyvilon
Fedhas
Gozag
Hepliaklqana
Kikubaaqudgha
Nemelex Xobeh
Okawaru
Qazlal
Ru
Sif Muna
Trog
Uskayaw
Wu Jian
Xom
Yredelemnul
Zin
The Shining One

Shops:
D:9 [

Annotations:
D:1 $ - needs flight
D:2 1 runed door


Innate Abilities, Weirdness & Mutations

You have hooves in place of feet.
Armour fits poorly on your strangely shaped body.
You cover ground very quickly.
You have extremely tough skin. (AC +3)


Message History

* * * LOW HITPOINT WARNING * * *
You closely miss the orc warrior. You kick the orc warrior.
The orc warrior is moderately wounded.
The orc warrior struggles against the net.
The net rips apart, and the orc warrior comes free!
Some of the chunks of flesh in your inventory have rotted away.
You hit the orc warrior but do no damage.
You kick the orc warrior.
The orc warrior is heavily wounded.
The orc warrior hits you but does no damage.
Your chain mail prevents you from hitting the orc warrior.
Your kick misses the orc warrior.
The orc warrior is heavily wounded.
The orc warrior hits you with a trident!!
* * * LOW HITPOINT WARNING * * *
Unknown command.
You hit the orc warrior.
The orc warrior is heavily wounded.
The orc warrior hits you from afar with a trident.
You die...

### ############ ....
##........∩.## .....
######............#
.....o#....#....).......#
.....oooo.o'@.))))...))∩#
....oo#....#.....)...)..#
..(.. ######.....)...)..#
.... ##........∩.## ###
############


You could see 3 orc warriors and 4 orcs.

Vanquished Creatures
  2 hippogriffs
  2 black bears (D:8)
  4 orc warriors
  5 ogres
  3 sky beasts
  2 phantoms (D:7)
  3 centaurs
  3 bullfrogs
  2 big kobolds (D:7)
  A gnoll sergeant (D:4)
  A water moccasin skeleton (D:8)
  3 crimson imps
  A centaur zombie (D:9)
  5 hounds
  A jelly (D:7)
  3 orc priests
  A bullfrog skeleton (D:7)
  2 gnoll shamans (D:4)
  4 iguanas
  6 orc wizards
  Natasha (thrice) (D:2)
  15 worker ants
  A howler monkey zombie (D:7)
  57 gnolls
  10 adders
  3 shadow imps
  2 oozes
  An adder skeleton (D:5)
  3 worms
  2 dart slugs (D:1)
  6 leopard geckos
  37 orcs
  6 bats
  7 giant cockroaches
  8 goblins
  8 hobgoblins
  20 jackals
  4 quokkas
  8 frilled lizards
  A jackal skeleton (D:4)
  14 kobolds
  A quokka zombie (D:7)
  8 rats
  A butterfly (D:4)
280 creatures vanquished.

Notes
Turn   | Place    | Note
-------+----------+-------------------------------------------
     0 | D:1      | tilp the Centaur Gladiator began the quest for the Orb.
     0 | D:1      | Reached XP level 1. HP: 17/17 MP: 1/1
    97 | D:1      | Reached skill level 3 in Maces & Flails
   144 | D:1      | Reached XP level 2. HP: 24/24 MP: 2/2
   239 | D:1      | Found a snail-covered altar of Cheibriados.
   707 | D:2      | Reached XP level 3. HP: 17/30 MP: 3/3
   862 | D:2      | Noticed Natasha
   867 | D:2      | Killed Natasha
  1056 | D:2      | Noticed Natasha
  1070 | D:2      | Killed Natasha
  1070 | D:2      | Reached skill level 4 in Maces & Flails
  1070 | D:2      | Reached XP level 4. HP: 14/38 MP: 4/4
  1410 | D:2      | Found a runed door.
  1541 | D:2      | Noticed Natasha
  1551 | D:2      | Killed Natasha
  2006 | D:3      | Reached XP level 5. HP: 36/45 MP: 5/5
  2440 | D:3      | Found a basalt altar of Yredelemnul.
  2440 | D:3      | Found an ornate altar of the Wu Jian Council.
  2542 | D:3      | Reached skill level 5 in Maces & Flails
  3558 | D:4      | Upgraded the game from 0.21-a0-529-g8c7b3f5 to 0.21-a0-531-gacddea6
  3565 | D:4      | Reached XP level 6. HP: 42/52 MP: 6/6
  4145 | D:4      | Found a staircase to the Ecumenical Temple.
  4195 | Temple   | Entered the Ecumenical Temple
  4282 | Temple   | Became a worshipper of Warmaster Okawaru
  4598 | D:4      | Reached skill level 6 in Maces & Flails
  4759 | D:4      | Reached XP level 7. HP: 59/60 MP: 7/7
  5301 | D:4      | Reached skill level 5 in Fighting
  5516 | D:4      | Reached * piety under Okawaru
  5517 | D:4      | Reached skill level 7 in Maces & Flails
  6224 | D:4      | Reached XP level 8. HP: 69/69 MP: 8/8
  6346 | D:5      | Entered Level 5 of the Dungeon
  6637 | D:5      | Reached skill level 8 in Maces & Flails
  6809 | D:5      | Reached ** piety under Okawaru
  7046 | D:5      | Reached skill level 9 in Maces & Flails
  7390 | D:6      | Found a snail-covered altar of Cheibriados.
  7391 | D:6      | Found an opulent altar of Gozag.
  7400 | D:6      | Reached skill level 1 in Invocations
  7404 | D:6      | Found a shimmering altar of Xom.
  7517 | D:6      | Found a white marble altar of Elyvilon.
  7640 | D:6      | Reached XP level 9. HP: 63/75 MP: 10/10
  7766 | D:6      | Found a blossoming altar of Fedhas.
  7816 | D:6      | Noticed a two-headed ogre
  8525 | D:7      | Reached *** piety under Okawaru
  8525 | D:7      | Reached skill level 10 in Maces & Flails
  9277 | D:7      | Reached skill level 11 in Maces & Flails
  9277 | D:7      | Reached skill level 5 in Invocations
  9883 | D:8      | Found a hazy altar of Hepliaklqana.
  9946 | D:8      | Found a staircase to the Lair.
 10117 | D:8      | Found a bloodstained altar of Trog.
 10122 | D:8      | Reached XP level 10. HP: 83/83 MP: 11/14
 10232 | D:8      | Found a sacrificial altar of Ru.
 10328 | D:9      | Found Jisivonuu's Armour Emporium.
 10476 | D:9      | Found a flagged portal.
 10508 | Bailey   | Entered a bailey
 10678 | Bailey   | HP: 4/83 [orc warrior/trident (18)]
 10680 | Bailey   | Slain by an orc warrior

Vault maps used:
D:1:      kennysheep_arrival_seaside, corexii_item_surrounded_by_moat,
          cheibriados_altar_1
D:2:      dk_noncrumbling_3, uniq_crazy_yiuf_cottage, uniq_natasha
D:3:      gammafunk_temple_overflow_elements
D:4:      lemuel_castle_with_subvaults, minmay_temple_entry_butterflies,
          serial_glass, glass_columns_a, glass_columns_a, cheibrodos_gnoll_hut
D:5:      first_bread
D:6:      elyvilon_altar_4, nicolae_overflow_crystal_walls,
          grunt_temple_overflow_open
D:8:      kennysheep_mini, trog_ov_bears_minmay, kennysheep_little_box,
          lair_entry_dummy
D:9:      grunt_temple_overflow_lords_of_destruction, enter_bailey_3,
          serial_shops, shop, grunt_livestock, corexii_mini_fake_secret_closet,
          uniq_erolcha
Temple:   eino_temple_lava
Bailey:   bailey_polearm_5, bailey

Skill      XL: |  1  2  3  4  5  6  7  8  9 10 |
---------------+-------------------------------+-----
Maces & Flails | 3 4 5 6 7 9 11 | 11.6
Fighting       | 3 4 5 6 |  6.0
Invocations    | 1 5 6 |  6.1
Throwing       | |  2.1
Dodging        | |  2.1

Action                   |  1- 3 |  4- 6 |  7- 9 | 10-12 || total
-------------------------+-------+-------+-------+-------++-------
Melee: Flail             |    64 |   238 |   469 |    80 ||   851
       Kick              |    11 |    54 |   121 |    19 ||   205
       Shortbow          |       |       |     1 |       ||     1
       Punch             |       |       |       |     1 ||     1
 Fire: Shortbow          |       |       |    28 |     5 ||    33
Throw: Throwing net      |       |       |       |     1 ||     1
Invok: Heroism           |       |       |     5 |     5 ||    10
  Use: Scroll            |       |       |     7 |     6 ||    13
       Potion            |       |       |     1 |       ||     1
  Eat: Chunk             |       |    10 |    15 |     1 ||    26
Armor: Leather armour    |    26 |    52 |       |       ||    78
       Chain mail        |       |    83 |   229 |    90 ||   402
Dodge: Dodged            |    31 |   114 |   117 |    55 ||   317

Table legend:
 A = Spawn XP
 B = Non-spawn XP
 C = Spawn XP percentage of total XP
 D = Spawn monster count
 E = Non-spawn monster count
 F = Spawn count percentage of total count
 G = Total turns spent on level
                    A         B        C        D         E        F      G
               +---------+---------+-------+---------+---------+-------+---------
         Total |       0 |    6516 |   0.0 |       0 |     279 |   0.0 | 10680
               +---------+---------+-------+---------+---------+-------+---------
           D:1 |       0 |      32 |   0.0 |       0 |      18 |   0.0 |   682
           D:2 |       0 |     151 |   0.0 |       0 |      19 |   0.0 |  1694
           D:3 |       0 |     179 |   0.0 |       0 |      33 |   0.0 |  2104
           D:4 |       0 |    1137 |   0.0 |       0 |      78 |   0.0 |  1769
           D:5 |       0 |     933 |   0.0 |       0 |      33 |   0.0 |  1013
           D:6 |       0 |     507 |   0.0 |       0 |      15 |   0.0 |   877
           D:7 |       0 |    1890 |   0.0 |       0 |      44 |   0.0 |  1453
           D:8 |       0 |    1001 |   0.0 |       0 |      13 |   0.0 |   628
           D:9 |       0 |     382 |   0.0 |       0 |      11 |   0.0 |   191
        Bailey |       0 |     304 |   0.0 |       0 |      15 |   0.0 |   172
               +---------+---------+-------+---------+---------+-------+---------
